 Dungeon Crawl Stone Soup version 0.29.1-12-g30fa7ad0bf (webtiles) character file.

Game seed: 8680909062828909686

2 thatblackman the Caller (level 1, 0/10 HPs)
             Began as a Vampire Summoner on Jan 13, 2023.
             Slain by a hobgoblin (1 damage)
             ... on level 1 of the Dungeon.
             The game lasted 00:01:13 (66 turns).

thatblackman the Caller (Vampire Summoner)            Turns: 66, Time: 00:01:14

Health: 0/10       AC:  2    Str:  7    XL:     1   Next: 33%
Magic:  1/3        EV: 12    Int: 17    God:
Gold:   0          SH:  0    Dex: 14    Spells: 3/4 levels left

rFire   . . .      SeeInvis +   (no weapon)
rCold   + + .      Faith    .   (no shield)
rNeg    + + +      Spirit   .   a - +0 robe
rPois   ∞          Reflect  .   (no helmet)
rElec   .          Harm     .   (no cloak)
rCorr   .          Rampage  .   (no gloves)
Will    .....                   (no boots)
Stlth   ++++......              (no amulet)
HPRegen 0.00/turn               (no ring)
MPRegen 0.08/turn               (no ring)

@: bloodless, inhibited regen
A: bloodless, fangs 3, see invisible, vampiric 1
a: Revivify


You were on level 1 of the Dungeon.
You visited 1 branch of the dungeon, and saw 1 of its levels.

Inventory:

Armour
 a - a +0 robe (worn)
Potions
 b - a potion of magic


   Skills:
 + Level 2.3 Dodging
 + Level 3.0 Stealth
 + Level 2.0 Spellcasting
 + Level 4.0 Summonings


You had 3 spell levels left.
You knew the following spells:

 Your Spells              Type           Power      Damage    Failure   Level
a - Summon Small Mammal   Summ           60%        N/A       3%          1

Your spell library contained the following spells:

 Spells                   Type           Power      Damage    Failure   Level
 Call Imp                 Summ           15%        N/A       5%          2
 Call Canine Familiar     Summ           15%        N/A       11%         3
 Summon Guardian Golem    Hex/Summ       8%         N/A       26%         3
 Summon Lightning Spire   Summ/Air       8%         N/A       63%         4


Dungeon Overview and Level Annotations

Branches:
Dungeon (1/15)

Altars:


Innate Abilities, Weirdness & Mutations

You do not regenerate when monsters are visible.
You are frail without blood (-20% HP).
You can heal yourself when you bite living creatures.
You are immune to poison.
You have razor-sharp teeth.
You have supernaturally acute eyesight. (SInv)
You are afflicted with vampirism.


Message History

The bat hits you but does no damage. x2
The goblin shouts!
You hear an angry hiss.
The bat hits you. The bat hits you but does no damage.
The bat attacks as you move away! The bat hits you but does no damage.
Found 2 viscous grey potions.
The bat closely misses you. The bat hits you but does no damage.
Keep bloodletting? [Y]es or [N]o only, please.
Keep bloodletting?
You begin bloodletting.
You continue bloodletting.
The bat hits you but does no damage. The bat completely misses you.
The goblin hits you with a +0 club.
You continue bloodletting.
The bat hits you but does no damage. The goblin closely misses you.
The hobgoblin hits you. The bat misses you.
You continue bloodletting.
The goblin misses you. The hobgoblin hits you.
You continue bloodletting.
The bat hits you but does no damage. The bat barely misses you.
The goblin barely misses you. The ball python closely misses you.
The ball python barely misses you.
The hobgoblin hits you but does no damage.
You continue bloodletting.
The ball python closely misses you. x2; The goblin hits you with a +0 club.
The hobgoblin misses you.
You become bloodless.
There are monsters nearby!
Unknown command.
Casting: Summon Small Mammal (safe; 3% risk of failure)
Confirm with . or Enter, or press ? or * to list all spells.
The bat closely misses you. The ball python barely misses you. x2
The goblin hits you with a +0 club.
* * * LOW HITPOINT WARNING * * *
The hobgoblin hits you but does no damage.
The ball python attacks as you move away!
The ball python closely misses you. The bat hits you but does no damage.
The goblin hits you with a +0 club.
* * * LOW HITPOINT WARNING * * *
The hobgoblin hits you.
You die...

#!K...#
#.....#
#.....###
#.......
#.....#
#.....#
#.bg..#
#.@Sr.#
###g###
#r# #K#
#b## #.#.
#.#....
#†#.?.#
#.#...##


You could see a quokka, a hobgoblin, a goblin, 2 bats, a ball python (ally
target), 2 kobolds and a friendly quokka (summoned).

Vanquished Creatures
  A quokka (D:1)
1 creature vanquished.

Vanquished Creatures (collateral kills)
  A ball python (D:1)
1 creature vanquished.

Grand Total: 2 creatures vanquished

Notes
Turn   | Place    | Note
-------+----------+-------------------------------------------
     0 | D:1      | thatblackman the Vampire Summoner began the quest for the
                  | Orb.
     0 | D:1      | Reached XP level 1. HP: 13/13 MP: 3/3
    66 | D:1      | Slain by a hobgoblin

Illustrated notes

Levels and vault maps discovered:
D:1:      nagdon_arrival_zigzag_paths, layout_rooms,
          shapermc_ecumenical_altar_venn

Action                   || total
-------------------------++-------
Melee: Unarmed           ||     5
       Bite              ||     2
 Cast: Summon Small Mamm ||     4
 Abil: Exsanguinate      ||     1
Armor: Robe              ||    23
Dodge: Dodged            ||    48
